 Dungeon Crawl Stone Soup version 0.29.1-2-gbd0b4ee654 (webtiles) character file.

Game seed: 11459055980538515313

620 GorkyZ the Trooper (level 7, -22/44 HPs)
             Began as a Gargoyle Fighter on Nov 23, 2022.
             Annihilated by an ogre
             ... wielding a +0 giant spiked club
              (24 damage)
             ... on level 5 of the Dungeon.
             The game lasted 00:10:16 (3989 turns).

GorkyZ the Trooper (Gargoyle Fighter)               Turns: 3989, Time: 00:10:16

Health: -22/44     AC: 21    Str: 21    XL:     7   Next: 46%
Magic:  7/7        EV:  9    Int: 13    God:
Gold:   321        SH:  9    Dex:  9    Spells: 6/6 levels left

rFire   . . .      SeeInvis +   a - +0 war axe
rCold   . . .      Faith    .   c - +0 buckler
rNeg    + + .      Spirit   .   b - +0 scale mail
rPois   ∞          Reflect  +   (no helmet)
rElec   +          Harm     .   g - +2 cloak
rCorr   .          Rampage  .   n - +1 pair of gloves
Will    .....                   (no boots)
Stlth   ..........              v - amulet of reflection
HPRegen 0.14/turn               p - ring of see invisible
MPRegen 0.10/turn               u - ring "Qoevauw" {rElec rPois rN+ AC+4 Int+4}

@: no status effects
A: sickness immunity, AC +4, negative energy resistance 1, electricity
resistance, torment resistance 1, petrification resistance
a: no special abilities


You were on level 5 of the Dungeon.
You visited 2 branches of the dungeon, and saw 6 of its levels.

You collected 321 gold pieces.

Inventory:

Hand Weapons
 a - a +0 war axe (weapon)
 j - a +5 dire flail of holy wrath
Missiles
 l - 11 poisoned darts (quivered)
Armour
 b - a +0 scale mail (worn)
 c - a +0 buckler (worn)
 g - a +2 cloak (worn)
 n - a +1 pair of gloves (worn)
 w - a scarf of repulsion
Jewellery
 e - an amulet of the acrobat
 p - a ring of see invisible (left hand)
 u - the ring "Qoevauw" (right hand) {rElec rPois rN+ AC+4 Int+4}
   (You found it on level 3 of the Dungeon)

   [ring of protection]

   AC:        It affects your AC (+4).
   Int:       It affects your intelligence (+4).
   rElec:     It insulates you from electricity.
   rPois:     It protects you from poison.
   rN:        It protects you from negative energy.
 v - an amulet of reflection (around neck)
Wands
 s - a wand of roots (4)
Scrolls
 f - 3 scrolls of amnesia
 h - 2 scrolls of enchant weapon {unknown}
 k - a scroll of blinking {unknown}
 q - a scroll of teleportation
 x - a scroll of fear
 y - a scroll of identify
Potions
 d - a potion of might
 i - 2 potions of curing
 m - a potion of cancellation
 o - a potion of brilliance {unknown}
 r - a potion of heal wounds {unknown}
 t - a potion of berserk rage {unknown}


   Skills:
 + Level 4.4 Fighting
 + Level 3.0 Axes
 * Level 3.5 Throwing
 + Level 4.3 Armour
 + Level 1.9 Dodging
 + Level 4.3 Shields
 + Level 2.0 Evocations


You had 6 spell levels left.
You didn't know any spells.
Your spell library contained the following spells:

 Spells                   Type           Power      Damage    Failure   Level
 Apportation              Tloc           0%         N/A       71%         1
 Sandblast                Erth           0%         2d4       71%         1
 Passwall                 Tmut/Erth      0%         N/A       85%         2
 Gell's Gravitas          Tloc           0%         N/A       97%         3
 Stone Arrow              Conj/Erth      0%         3d7       97%         3
 Teleport Other           Tloc           0%         N/A       97%         3
 Alistair's Intoxication  Tmut/Pois      0%         N/A       100%        5
 Dispersal                Tloc           0%         N/A       100%        6


Dungeon Overview and Level Annotations

Branches:
Dungeon (5/15)             Temple (1/1) D:4

Altars:
Ashenzari
Dithmenos
Fedhas
Hepliaklqana
Kikubaaqudgha
Makhleb
Nemelex Xobeh
Okawaru
Ru
Sif Muna
Trog
Wu Jian
Xom
Yredelemnul
Zin
The Shining One

Shops:
D:4 :


Innate Abilities, Weirdness & Mutations

You are immune to sickness and miasma.
Your stone body is resilient. (AC +4)
You are immune to poison.
You resist negative energy. (rN+)
You are resistant to electric shocks. (rElec)
You are resistant to unholy torment.
You are immune to petrification.


Message History

You miss the hound.
The hound is heavily wounded.
The hound bites you. You block the hound's attack.
You barely miss the hound.
The hound is heavily wounded.
The hound barely misses you. You block the hound's attack.
You slash the hound!
You kill the hound!
No target in view!
You see here a scroll of noise.
y - a scroll of identify An ogre comes into view.
It is wielding a +0 giant spiked club.
Found a robe.
The ogre shouts!
The ogre attacks as you move away! The ogre hits you but does no damage.
The ogre attacks as you move away!
The ogre hits you with a +0 giant spiked club!!
Ouch! That really hurt!
Okay, then.
You are too injured to fight recklessly!
You are too injured to fight recklessly!
Okay, then.
Throw: 12 darts (poison)
Press: ? - help, Q - select action, (/) - cycle Shift-Dir - straight line, f - ogre
Aim: an ogre, wielding a +0 giant spiked club (73% to hit)
You throw a poisoned dart. The poisoned dart hits the ogre.
The ogre is poisoned.
The ogre attacks as you move away!
The ogre hits you with a +0 giant spiked club!!
* * * LOW HITPOINT WARNING * * *
The ogre attacks as you move away!
The ogre hits you with a +0 giant spiked club!!
Ouch! That really hurt!
You die...

#.## #.# # #.# #.# ##.
#.# #.# ##..[#### #.#
#.# ........# #.# #.#
#.# #.# #.# #.# #.#
#.#
#(############.#####.#
#.......O@...........#
#####.################
#.# #.# #.# #.# #.#
#.# #.#


You could see an ogre (poisoned).

Vanquished Creatures
  Edmund (D:4)
  An ice beast (D:5)
  A phantom (D:5)
  5 hounds
  Ijyb (D:5)
  An orc wizard (D:5)
  An iguana (D:4)
  5 adders
  2 worms
  3 dart slugs
  An orc (D:4)
  7 ball pythons
  4 bats
  8 endoplasms
  4 giant cockroaches
  11 goblins
  5 hobgoblins
  A jackal (D:5)
  4 kobolds
  2 quokkas (D:2)
  A rat (D:2)
69 creatures vanquished.

Notes
Turn   | Place    | Note
-------+----------+-------------------------------------------
     0 | D:1      | GorkyZ the Gargoyle Fighter began the quest for the Orb.
     0 | D:1      | Reached XP level 1. HP: 14/14 MP: 1/1
   320 | D:1      | Reached XP level 2. HP: 13/19 MP: 2/2
   730 | D:1      | Reached skill level 1 in Throwing
   841 | D:2      | Reached XP level 3. HP: 20/23 MP: 3/3
   885 | D:2      | Found a faded altar of an unknown god.
  1215 | D:2      | Reached XP level 4. HP: 28/28 MP: 4/4
  1386 | D:2      | Found a burning altar of Makhleb.
  1881 | D:3      | Found a shadowy altar of Dithmenos.
  2215 | D:3      | Identified the ring "Qoevauw" {rElec rPois rN+ AC+4 Int+4}
  2300 | D:4      | Reached skill level 1 in Dodging
  2341 | D:4      | Found an ancient bone altar of Kikubaaqudgha.
  2341 | D:4      | Found a blossoming altar of Fedhas.
  2354 | D:4      | Reached skill level 1 in Evocations
  2354 | D:4      | Reached XP level 5. HP: 28/33 MP: 5/5
  2426 | D:4      | Noticed Edmund
  2459 | D:4      | Killed Edmund
  2460 | D:4      | Reached XP level 6. HP: 17/38 MP: 6/6
  2714 | D:4      | Found an ornate altar of the Wu Jian Council.
  2723 | D:4      | Found a staircase to the Ecumenical Temple.
  2740 | Temple   | Entered the Ecumenical Temple
  3015 | D:4      | Found Path's Vocational Training.
  3316 | D:5      | Entered Level 5 of the Dungeon
  3316 | D:5      | Noticed Ijyb
  3331 | D:5      | Killed Ijyb
  3432 | D:5      | Found a sacrificial altar of Ru.
  3560 | D:5      | Reached XP level 7. HP: 34/43 MP: 7/7
  3985 | D:5      | HP: 1/44 [ogre/+0 giant spiked club (20)]
  3989 | D:5      | Annihilated by an ogre

Illustrated notes

Levels and vault maps discovered:
D:1:      psy_arrival_dodecagon, layout_basic, minivault_19, nicolae_titane
D:2:      layout_loops_ring, basic_altar, basic_ecumenical_altar,
          minmay_stone_trees_small, grunt_ministairs_15
D:3:      layout_rooms, old_standard_altar
D:4:      layout_cave_pools, grunt_temple_overflow_growth_and_decay,
          nicolae_wu_jian_wuxing_cycle, temple_statues, nicolae_shop_vocational,
          uniq_edmund
D:5:      layout_loops_ring, mainiacjoe_overflow_catwalk,
          nicolae_ru_great_annihilating_truth, serial_park_tiny_2, uniq_ijyb
Temple:   zaba_magenta_temple

Skill      XL: |  1  2  3  4  5  6  7 |
---------------+----------------------+-----
Throwing       | 1 2 3 |  3.5
Axes           | 2 3 |  3.0
Dodging        | 1 |  1.9
Evocations     | 1 2 |  2.0
Fighting       | 4 |  4.4
Armour         | 4 |  4.3
Shields        | 4 |  4.3

Action                   |  1- 3 |  4- 6 |  7- 9 || total
-------------------------+-------+-------+-------++-------
Melee: War axe           |    75 |   148 |    39 ||   262
Throw: Dart              |       |    13 |     1 ||    14
  Use: Scroll            |       |     8 |       ||     8
 Stab: Paralysed         |       |     1 |       ||     1
Armor: Scale mail        |    45 |    84 |    25 ||   154
Dodge: Dodged            |    41 |    59 |    24 ||   124
Block: Buckler           |    10 |    60 |    25 ||    95
